 Dungeon Crawl Stone Soup version 0.19.0-2-gae57169 (webtiles) character file.

7313 Chiseanne the Covert (level 11, -4/80 HPs)
             Began as an Octopode Wanderer on Nov 4, 2016.
             Was a Priest of Ashenzari.
             Slain by a white ugly thing (33 damage)
             ... on level 11 of the Dungeon.
             The game lasted 00:53:44 (9219 turns).

Chiseanne the Covert (Octopode Wanderer)            Turns: 9219, Time: 00:53:45

Health: -4/80      AC:  3    Str: 15    XL:     11   Next: 13%
Magic:  23/23      EV: 23    Int: 16    God:    Ashenzari [***...]
Gold:   171        SH:  7    Dex: 27    Spells: 0 memorised, 14 levels left

rFire  . . .     SeeInvis +     a - +10 dagger of Eternity {pierce, rElec} (curse)
rCold  . . .     Gourm    .     D - +0 buckler
rNeg   . . .     Faith    .     C - +2 hat
rPois  .         Spirit   .     (no amulet)
rElec  +         Reflect  .     n - +5 ring of strength (curse)
rCorr  .         Harm     .     u - +3 ring of dexterity
MR     +....                    g - ring of flight
Stlth  +++++++...               P - ring of the Shining Light {MP+9 Str+2 Dex+7} (curse)
                                K - ring of protection from magic
                                (no ring)
                                (no ring)
                                (no ring)

@: no status effects
A: almost no armour, stealthy swim, amphibious, 8 rings, constrict 8, camouflage
1, gelatinous body 1
a: Curse Item, Scrying, Renounce Religion, Evoke Flight


You were on level 11 of the Dungeon.
You worshipped Ashenzari.
Ashenzari was most pleased with you.
You were not hungry.

You visited 1 branch of the dungeon, and saw 11 of its levels.

You collected 534 gold pieces.
You spent 363 gold pieces at shops.

Inventory:

Hand Weapons
 a - the cursed +10 dagger of Eternity (weapon) {pierce, rElec}
   (You found it on level 4 of the Dungeon)

   It inflicts extra damage upon your enemies.
   It insulates you from electricity.
   It has a curse placed upon it.
 w - the +4 fustibalus "Davateaff" {flame, rElec MR+ Dex+4}
   (You found it on level 8 of the Dungeon)

   It causes projectiles fired from it to burn those they strike, causing extra
   injury to most foes and up to half again as much damage against particularly
   susceptible opponents.
   It affects your dexterity (+4).
   It insulates you from electricity.
   It affects your resistance to hostile enchantments.
 y - a +0 arbalest
 M - a +0 blowgun
 U - a cursed +7 battleaxe
Missiles
 e - 357 stones (quivered)
 o - 18 sling bullets
 q - 29 poisoned needles
 z - 30 bolts
Armour
 C - a +2 hat (worn)
 D - a +0 buckler (worn)
Magical Staves
 N - an uncursed staff of power
 S - a cursed staff of cold
Jewellery
 g - a ring of flight (on tentacle)
 n - a cursed +5 ring of strength (left tentacle)
 u - a +3 ring of dexterity (right tentacle)
 K - a ring of protection from magic (on tentacle)
 P - the cursed ring of the Shining Light (on tentacle) {MP+9 Str+2 Dex+7}
   (You acquired it on level 8 of the Dungeon)

   [ring of magical power]

   It affects your strength (+2).
   It affects your dexterity (+7).
   It affects your magic capacity (+9).
   It has a curse placed upon it.
Wands
 G - a wand of lightning (7/15)
 I - a wand of acid (5/15)
Scrolls
 d - a scroll of enchant armour
 j - 5 scrolls of amnesia
 r - 5 scrolls of blinking
 s - 2 scrolls of remove curse
 J - a scroll of fog
 L - a scroll of enchant weapon
 O - 2 scrolls of identify
 Q - a scroll of immolation
Potions
 c - 3 potions of curing
 f - 2 potions of cancellation
 k - 2 potions of lignification
 m - a potion of haste
 t - a potion of cure mutation
 v - 2 potions of heal wounds
 x - 2 potions of brilliance
 A - a potion of resistance
 B - 3 potions of might
Books
 b - the Handbook of the Turtle

   Spells                             Type                      Level
   a - Pain                           Necromancy                   1
   b - Regeneration                   Charms/Necromancy            3
 h - a book of Air

   Spells                             Type                      Level
   a - Shock                          Conjuration/Air              1
   b - Swiftness                      Charms/Air                   2
   c - Repel Missiles                 Charms/Air                   2
   d - Static Discharge               Conjuration/Air              3
   e - Lightning Bolt                 Conjuration/Air              5
 E - the Tome of Stones and Toxins
   (You found it on level 6 of the Dungeon)

   Spells                             Type                      Level
   a - Sandblast                      Earth                        1
   b - Venom Bolt                     Conjuration/Poison           5
   c - Bolt of Magma                  Conjuration/Fire/Earth       5
   d - Shatter                        Earth                        9
 H - a book of Geomancy

   Spells                             Type                      Level
   a - Sandblast                      Earth                        1
   b - Passwall                       Transmutation/Earth          2
   c - Stone Arrow                    Conjuration/Earth            3
   d - Petrify                        Transmutation/Earth          4
   e - Lee's Rapid Deconstruction     Earth                        5
 T - a book of Clouds

   Spells                             Type                      Level
   a - Mephitic Cloud                 Conjuration/Poison/Air       3
   b - Conjure Flame                  Conjuration/Fire             3
   c - Poisonous Cloud                Conjuration/Poison/Air       6
   d - Freezing Cloud                 Conjuration/Ice/Air          6
   e - Ring of Flames                 Charms/Fire                  7
 V - a book of Cantrips

   Spells                             Type                      Level
   a - Confusing Touch                Hexes                        1
   b - Animate Skeleton               Necromancy                   1
   c - Summon Small Mammal            Summoning                    1
   d - Apportation                    Translocation                1
Comestibles
 i - 6 bread rations
 l - 7 fruits
 p - 5 meat rations
 F - 10 royal jellies
 R - 6 beef jerkies


   Skills:
 * Level 9.5 Fighting
   Level 1.0 Polearms
 - Level 2.0 Throwing
 * Level 9.5 Dodging
 * Level 12.7 Stealth
 - Level 4.2 Shields
 - Level 2.0 Spellcasting
   Level 3.6 Poison Magic


You had 14 spell levels left.
You didn't know any spells.

Dungeon Overview and Level Annotations

Branches:
Dungeon (11/15)            Temple (0/1) D:7             Orc (0/2) D:11
   Lair: D:8-11

Altars:
Ashenzari
Dithmenos
Makhleb
Okawaru
Trog
Yredelemnul

Shops:
D:8 %   D:9 *

Annotations:
D:9 exclusion: killer bee


Innate Abilities, Weirdness & Mutations

You cannot wear most types of armour.
You are very stealthy in the water. (Stealth+)
You are amphibious.
You can wear up to eight rings at the same time.
You can use your tentacles to constrict eight enemies at once.
Your skin changes colour to match your surroundings (Stealth+).
Your rubbery body absorbs attacks. (AC +1, EV +1)


Message History

You now have 160 gold pieces (gained 12).
o - 18 sling bullets You now have 171 gold pieces (gained 11).
A quasit comes into view.
You see here 7 arrows.
You see here a scroll of fog.
J - a scroll of fog
Found a leatherbound book.
The helpless quasit fails to defend itself.
You perforate the quasit like a sieve!!!!
You kill the quasit!
A white ugly thing comes into view.
You found an alarm trap!
The white ugly thing gurgles horribly!
The cyan ugly thing gurgles horribly!
The white ugly thing trunk-slaps you. The white ugly thing freezes you!!
You see here a book of Cantrips.
V - a book of Cantrips The white ugly thing completely misses you.
The white ugly thing trunk-slaps you! The white ugly thing freezes you!!
You die...

.................. ,
................... ,,
......................##
.......................## , ,
........................##
.........................##
,..........................## ,
...........................# ,
..........u@...............# ,
..........u................# .,,,
...#.......^...........รท...# ..
,..###......................# ...
,...#...................>...# ...
,...........................#
.o###...........................#
...#............................#
................................#


You could see 2 ugly things.

Vanquished Creatures
  An unseen horror (D:11)
  A troll (D:11)
  A two-headed ogre (D:7)
  Prince Ribbit (D:8)
  A wraith (D:11)
  3 yaks (D:9)
  A hungry ghost (D:11)
  2 soldier ants (D:9)
  3 black bears
  Duvessa (D:7)
  5 sky beasts
  4 ogres
  8 centaurs
  5 bullfrogs
  Dowan (D:7)
  3 scorpions
  A wyvern skeleton (D:8)
  9 killer bees (D:10)
  11 wights
  A howler monkey (D:8)
  5 crimson imps
  A centaur zombie (D:7)
  A quasit (D:11)
  9 hounds
  4 centaur skeletons
  A bullfrog skeleton (D:7)
  6 iguanas
  8 orc wizards
  9 worker ants
  A hound zombie (D:6)
  A hound skeleton (D:10)
  Robin (D:3)
  7 gnolls
  A howler monkey skeleton (D:4)
  A worker ant zombie (D:5)
  12 adders
  An ooze (D:4)
  An adder skeleton (D:5)
  A worm (D:4)
  A dart slug (D:3)
  8 leopard geckos
  20 orcs
  2 giant cockroaches (D:1)
  13 goblins
  9 hobgoblins
  15 jackals
  5 quokkas
  7 bats
  4 frilled lizards
  A giant cockroach zombie (D:6)
  10 kobolds
  5 rats
234 creatures vanquished.

Vanquished Creatures (others)
  A wizard (D:3)
1 creature vanquished.

Grand Total: 235 creatures vanquished

Notes
Turn   | Place    | Note
-------+----------+-------------------------------------------
     0 | D:1      | Chiseanne the Octopode Wanderer began the quest for the Orb.
     0 | D:1      | Chiseanne set off with: a +2 spear, the Handbook of the Turtle, a potion of lignification, a bread ration
     0 | D:1      | Reached XP level 1. HP: 14/14 MP: 3/3
     1 | D:1      | Identified the Handbook of the Turtle
   330 | D:1      | Reached XP level 2. HP: 15/20 MP: 5/5
   427 | D:1      | Reached skill level 1 in Dodging
  1143 | D:2      | Reached skill level 1 in Stealth
  1143 | D:2      | Reached XP level 3. HP: 25/25 MP: 6/6
  1827 | D:2      | Reached XP level 4. HP: 28/31 MP: 7/7
  2102 | D:2      | Reached skill level 2 in Stealth
  2240 | D:3      | Found a faded altar of an unknown god.
  2254 | D:3      | Became a worshipper of Ashenzari the Shackled
  2254 | D:3      | Reached * piety under Ashenzari
  2368 | D:3      | Found a basalt altar of Yredelemnul.
  2400 | D:3      | Noticed Robin
  2414 | D:3      | Reached XP level 5. HP: 25/36 MP: 8/8
  2421 | D:3      | Killed Robin
  2421 | D:3      | Reached skill level 3 in Stealth
  2632 | D:3      | Found a bloodstained altar of Trog.
  2633 | D:3      | Noticed a wizard
  2638 | D:3      | Killed a wizard
  3264 | D:4      | Got the dagger of Eternity {pierce, rElec}
  3265 | D:4      | Identified the +10 dagger of Eternity {pierce, rElec} (You found it on level 4 of the Dungeon)
  3373 | D:4      | Noticed an ogre
  3384 | D:4      | Killed an ogre
  3384 | D:4      | Reached skill level 4 in Stealth
  3384 | D:4      | Reached XP level 6. HP: 11/43 MP: 9/9
  3818 | D:4      | Found an iron altar of Okawaru.
  3826 | D:5      | Entered Level 5 of the Dungeon
  4377 | D:5      | Noticed a sky beast
  4380 | D:5      | Killed a sky beast
  4380 | D:5      | Reached skill level 5 in Stealth
  4380 | D:5      | Reached XP level 7. HP: 49/49 MP: 10/10
  4475 | D:5      | Noticed a rust devil
  4475 | D:5      | Noticed a rust devil
  4885 | D:6      | Reached skill level 6 in Stealth
  4988 | D:6      | Reached skill level 5 in Fighting
  4988 | D:6      | Reached skill level 5 in Dodging
  5080 | D:6      | Reached XP level 8. HP: 51/55 MP: 11/11
  5157 | D:6      | Identified the Tome of Stones and Toxins
  5182 | D:6      | Found a burning altar of Makhleb.
  5182 | D:6      | Found a shadowy altar of Dithmenos.
  5419 | D:7      | Found a staircase to the Ecumenical Temple.
  5445 | D:7      | Reached skill level 1 in Shields
  5501 | D:7      | Reached ** piety under Ashenzari
  5544 | D:7      | Noticed a two-headed ogre
  5551 | D:7      | Killed a two-headed ogre
  5696 | D:7      | Reached skill level 7 in Stealth
  5802 | D:7      | Noticed Duvessa
  5806 | D:7      | Killed Duvessa
  5808 | D:7      | Noticed Dowan
  5813 | D:7      | Killed Dowan
  6081 | D:7      | Reached skill level 8 in Stealth
  6081 | D:7      | Reached XP level 9. HP: 62/62 MP: 12/12
  6390 | D:8      | Found Wavvos's Food Shoppe.
  6630 | D:8      | Identified the +4 fustibalus "Davateaff" {flame, rElec MR+ Dex+4}
  6753 | D:8      | Reached skill level 9 in Stealth
  6802 | D:8      | Noticed Prince Ribbit
  6819 | D:8      | Killed Prince Ribbit
  7056 | D:8      | Identified a scroll of acquirement
  7056 | D:8      | Identified the cursed ring of the Shining Light {MP+9 Str+2 Dex+7} (You acquired it on level 8 of the Dungeon)
  7325 | D:9      | Reached skill level 10 in Stealth
  7582 | D:9      | Found Uquatz's Assorted Antiques.
  7599 | D:9      | Bought a potion of curing for 99 gold pieces
  7599 | D:9      | Bought a bone wand for 132 gold pieces
  7599 | D:9      | Bought a scroll labeled TYLOCV COLARAS TOA for 33 gold pieces
  7599 | D:9      | Bought a scroll of remove curse for 99 gold pieces
  7640 | D:9      | Reached XP level 10. HP: 71/71 MP: 13/13
  7977 | D:9      | Reached skill level 11 in Stealth
  8129 | D:10     | Entered Level 10 of the Dungeon
  8185 | D:10     | Reached *** piety under Ashenzari
  8870 | D:10     | Reached skill level 12 in Stealth
  8994 | D:11     | Noticed an unseen horror
  8998 | D:11     | Killed an unseen horror
  9041 | D:11     | Noticed a cyan ugly thing
  9048 | D:11     | Reached XP level 11. HP: 76/80 MP: 14/14
  9160 | D:11     | Found a staircase to the Orcish Mines.
  9207 | D:11     | Noticed a white ugly thing
  9219 | D:11     | Slain by a white ugly thing

Skill      XL: |  1  2  3  4  5  6  7  8  9 10 |
---------------+-------------------------------+-----
Dodging        | 1 2 3 4 5 6 7 9 |  9.5
Stealth        | 1 2 4 5 6 8 10 12 | 12.7
Fighting       | 3 4 5 6 7 9 |  9.5
Shields        | 4 |  4.2
Polearms       | |  1.0
Throwing       | |  2.0
Spellcasting   | |  2.0
Poison Magic   | |  3.6

Action                   |  1- 3 |  4- 6 |  7- 9 | 10-12 || total
-------------------------+-------+-------+-------+-------++-------
Melee: Spear             |    53 |       |       |       ||    53
       Constrict         |    23 |    28 |    38 |    24 ||   113
       Tentacles         |    12 |    24 |    55 |    43 ||   134
       Dagger            |    32 |   103 |   181 |   144 ||   460
Throw: Stone             |       |     1 |     5 |     6 ||    12
Invok: Curse Item        |       |       |     2 |       ||     2
       Scrying           |       |       |     1 |       ||     1
Evoke: Wand              |       |       |     3 |    11 ||    14
  Use: Scroll            |     3 |    12 |    10 |     1 ||    26
       Potion            |       |     1 |     2 |       ||     3
 Stab: Sleeping          |     5 |     8 |    10 |    23 ||    46
       Distracted        |     1 |       |       |       ||     1
  Eat: Chunk             |     2 |     5 |    10 |     5 ||    22
       Bread ration      |       |     1 |       |       ||     1
Armor: Skin              |    12 |    10 |     9 |     3 ||    34
Dodge: Dodged            |    54 |    60 |    83 |    88 ||   285
Block: Buckler           |       |       |    26 |    37 ||    63
